 Dungeon Crawl Stone Soup version 0.25-a0-496-g8c4878dea3 (webtiles) character file.

Game seed: 17913672635897878865, levelgen mode: deterministic

2977 BeastOfSaturn the Stinger (level 9, -2/57 HPs)
             Began as a Demonspawn Venom Mage on Feb 12, 2020.
             Was a Believer of Hepliaklqana.
             Killed by divine providence
             ... invoked by an orc priest
              (8 damage)
             ... on level 8 of the Dungeon.
             The game lasted 00:53:03 (10620 turns).

BeastOfSaturn the Stinger (Demonspawn Venom Mage)  Turns: 10620, Time: 00:53:04

Health: -2/57      AC: 12    Str: 11    XL:     9   Next: 53%
Magic:  4/17       EV: 17    Int: 18    God:    Hepliaklqana [**....]
Gold:   249        SH:  5    Dex: 18    Spells: 8/18 levels left

rFire    . . .     SeeInvis .   v - +2 broad axe (vorpal)
rCold    . . .     Gourm    .   n - +0 buckler
rNeg     . . .     Faith    .   e - +2 leather armour {rPois}
rPois    +         Spirit   .   (no helmet)
rElec    .         Reflect  .   (no cloak)
rCorr    .         Harm     .   K - +0 pair of gloves
MR       .....                  (no boots)
Stlth    +++++.....             (no amulet)
HPRegen  0.19/turn              B - ring of wizardry
MPRegen  0.15/turn              (no ring)

@: agile, sanguine armour
A: reduced essence, nightstalker 2, powered by pain 1, sanguine armour 1
a: Recall Ancestor, Ancestor Identity, Renounce Religion


You were on level 8 of the Dungeon.
You worshipped Hepliaklqana.
Hepliaklqana was pleased with you.
You were not hungry.

You visited 2 branches of the dungeon, and saw 9 of its levels.

You collected 519 gold pieces.
You spent 270 gold pieces at shops.

Inventory:

Hand Weapons
 v - a +2 vorpal broad axe (weapon)
 E - a +1 vampiric war axe
Armour
 e - a +2 leather armour of poison resistance (worn)
 g - a +0 scale mail
 l - a +0 kite shield
 n - a +0 buckler (worn)
 K - a +0 pair of gloves (worn)
Jewellery
 B - a ring of wizardry (left hand)
Wands
 A - a wand of enslavement (5)
 D - a wand of disintegration (10)
 G - a wand of acid (4)
 H - a wand of random effects (21)
Scrolls
 b - a scroll of magic mapping
 c - a scroll of noise {unknown}
 d - 9 scrolls of remove curse
 f - a scroll of random uselessness
 i - 10 scrolls of identify
 p - a scroll of immolation {unknown}
 s - 2 scrolls of blinking {unknown}
 u - 2 scrolls of teleportation
 w - a scroll of vulnerability {unknown}
 C - a scroll of holy word {unknown}
 F - a scroll of enchant weapon
 I - 3 scrolls of fog {unknown}
Potions
 h - 2 potions of might {unknown}
 j - 4 potions of mutation
 k - a potion of heal wounds {unknown}
 m - 4 potions of haste {unknown}
 o - 2 potions of brilliance {unknown}
 q - a potion of cancellation {unknown}
 r - 2 potions of lignification {unknown}
 x - 2 potions of flight {unknown}
Comestibles
 t - a ration


   Skills:
 + Level 3.2 Fighting
   Level 1.8(3.1) Short Blades
   Level 3.8(4.1) Long Blades
 * Level 4.0 Axes
 * Level 4.9 Armour
 - Level 2.2 Dodging
 - Level 1.7 Stealth
 - Level 4.0 Shields
 + Level 5.4 Spellcasting
 - Level 0.2 Conjurations
 - Level 0.8 Transmutations
 - Level 0.8 Air Magic
 + Level 5.8 Poison Magic
 * Level 1.4 Invocations


You had 8 spell levels left.
You knew the following spells:

 Your Spells              Type           Power        Failure   Level  Hunger
a - Sting                 Tmut/Pois      ###.         1%          1    None
b - Mephitic Cloud        Conj/Pois/Air  ##......     8%          3    ##.....
c - Poisonous Vapours     Pois/Air       ###...       2%          2    #......
d - Olgreb's Toxic Radia  Pois           ####....     6%          4    ####...

Your spell library contained the following spells:

 Spells                   Type           Power        Failure   Level  Hunger
 Ignite Poison            Fire/Tmut/Pois ##......     8%          3    ##.....


Dungeon Overview and Level Annotations

Branches:
Dungeon (8/15)             Temple (1/1) D:4
   Lair: D:8-11

Altars:
Ashenzari
Cheibriados
Dithmenos
Elyvilon
Fedhas
Gozag
Hepliaklqana
Kikubaaqudgha
Nemelex Xobeh
Okawaru
Ru
Sif Muna
Trog
Uskayaw
Vehumet
Wu Jian
Xom
Yredelemnul
The Shining One

Shops:
D:4 (   D:5 :   D:8 *

Annotations:
D:7 1 runed translucent door, feta's ghost, novice TrHu
D:8 Gastronok


Innate Abilities, Weirdness & Mutations

You are significantly more attuned to the shadows.
You sometimes gain a little power by taking damage.
When seriously injured, your bleeding wounds create armour. (AC +6)
Your life essence is reduced to manifest your ancestor. (-10% HP)


Message History

The worker ant is moderately wounded.
The stinking cloud engulfs the wyvern but does no damage.
The wyvern is moderately wounded.
You hear an angry hiss.
You hear a croak.
Methone barely misses the worker ant.
The wyvern is engulfed in noxious fumes.
The wyvern closely misses you.
The orc wizard is engulfed in noxious fumes.
The orc wizard appears confused.
The orc wizard barely misses you.
The wyvern is engulfed in noxious fumes.
The wyvern appears confused.
The orc wizard is engulfed in noxious fumes.
The orc wizard appears confused.
The orc wizard closely misses Methone.
The wyvern is engulfed in noxious fumes.
The wyvern appears confused.
The orc wizard is engulfed in noxious fumes.
An orc priest comes into view. It is wielding a +0 flail.
The orc priest mumbles some strange prayers to Beogh against you.
Beogh smites you!
You die...

### #<# #.# #########.####
.............# #########.#.##
#####.....#.############
....#.#................#
....#(#.........@......#
...)...................# .#
....#.#...........l....####.#
.)[.#.#........####.R.......#
))..#.#........####ao○......#.
......+.....o..[...a..........
..†.#.#.....#######.....)...#
....#.#.....# #.........#
....# #.....#######.....###.#


You could see the friendly Methone the hexer, a wyvern (confused), a worker ant,
an orc priest and an orc wizard (confused).

Vanquished Creatures
  2 hippogriffs
  Sigmund (D:5)
  2 hungry ghosts
  A sky beast (D:5)
  An ice beast (D:5)
  2 centaurs
  5 ogres
  3 bullfrogs
  2 killer bees (D:7)
  A crimson imp (D:6)
  A howler monkey (D:8)
  2 jellies (D:6)
  An orc priest (D:7)
  3 orc wizards
  2 iguanas
  3 worker ants
  A howler monkey zombie (D:5)
  4 adders
  A shadow imp (D:7)
  3 dart slugs
  2 worms
  4 leopard geckos
  20 orcs
  7 bats
  3 giant cockroaches
  9 hobgoblins
  10 jackals
  9 quokkas
  2 ball pythons
  4 frilled lizards
  5 goblins
  11 kobolds
  A leopard gecko zombie (D:5)
  A quokka skeleton (D:4)
  12 rats
141 creatures vanquished.

Vanquished Creatures (collateral kills)
  A necrophage (D:8)
  2 ogres (D:5)
  A centaur (D:5)
  A wyvern skeleton (D:6)
  A killer bee (D:7)
  2 crimson imps
  An orc priest (D:8)
  An orc wizard (D:8)
  An iguana (D:4)
  A hound skeleton (D:8)
  An adder (D:8)
  An ooze (D:5)
  A worm (D:6)
  5 orcs
  3 giant cockroaches
  A leopard gecko zombie (D:6)
24 creatures vanquished.

Vanquished Creatures (others)
  2 ancestors
2 creatures vanquished.

Grand Total: 167 creatures vanquished

Notes
Turn   | Place    | Note
-------+----------+-------------------------------------------
     0 | D:1      | BeastOfSaturn the Demonspawn Venom Mage began the quest for
                  | the Orb.
     0 | D:1      | Reached XP level 1. HP: 13/13 MP: 3/3
   559 | D:1      | Gained mutation: You are slightly more attuned to the
                  | shadows. [demonic ancestry]
   559 | D:1      | Reached XP level 2. HP: 15/19 MP: 0/5
   636 | D:1      | Found a sparkling altar of Nemelex Xobeh.
   846 | D:1      | You fall into a shaft and drop 1 floor!
   928 | D:2      | Reached skill level 1 in Armour
  1027 | D:2      | Gained mutation: You are significantly more attuned to the
                  | shadows. [demonic ancestry]
  1027 | D:2      | Reached XP level 3. HP: 15/24 MP: 3/6
  1525 | D:2      | Learned a level 3 spell: Mephitic Cloud
  1528 | D:2      | Learned a level 2 spell: Poisonous Vapours
  2021 | D:2      | Found an iron altar of Okawaru.
  2521 | D:1      | Reached XP level 4. HP: 30/30 MP: 4/7
  2892 | D:3      | Noticed an ogre
  3052 | D:2      | Killed an ogre
  3052 | D:2      | Reached XP level 5. HP: 12/36 MP: 1/9
  3798 | D:2      | HP: 1/36 [orc/+0 flail (5)]
  5036 | D:4      | Found a blossoming altar of Fedhas.
  5036 | D:4      | Found a shimmering blue altar of Sif Muna.
  5052 | D:4      | Noticed a centaur
  5064 | D:4      | Killed a centaur
  5064 | D:4      | Reached skill level 1 in Fighting
  5064 | D:4      | Reached skill level 1 in Long Blades
  5064 | D:4      | Reached XP level 6. HP: 17/43 MP: 3/11
  5276 | D:4      | Found a hazy altar of Hepliaklqana.
  5282 | D:4      | Became a worshipper of Hepliaklqana the Forgotten
  5356 | D:4      | Learned a level 4 spell: Olgreb's Toxic Radiance
  5562 | D:4      | Found a shadowy altar of Dithmenos.
  5562 | D:4      | Found a sparkling altar of Nemelex Xobeh.
  5583 | D:4      | Found a staircase to the Ecumenical Temple.
  5604 | Temple   | Entered the Ecumenical Temple
  5669 | D:4      | Found Ofaliol's Weapon Shoppe.
  5698 | D:5      | Entered Level 5 of the Dungeon
  5803 | D:5      | Noticed Sigmund
  5815 | D:5      | Killed Sigmund
  5815 | D:5      | Reached skill level 1 in Shields
  5815 | D:5      | Gained mutation: When seriously injured, your bleeding
                  | wounds create armour. (AC +6) [demonic ancestry]
  5815 | D:5      | Reached XP level 7. HP: 39/43 MP: 9/12
  6138 | D:4      | HP: 1/44 [iguana (13)]
  6785 | D:5      | Reached XP level 8. HP: 27/50 MP: 3/14
  6971 | D:5      | Found Coziz's Book Boutique.
  7008 | D:5      | Reached * piety under Hepliaklqana
  7063 | D:5      | Reached skill level 1 in Short Blades
  7299 | D:6      | Reached skill level 5 in Poison Magic
  8815 | D:7      | Noticed a hippogriff
  8831 | D:7      | Killed a hippogriff
  8831 | D:7      | Reached skill level 1 in Axes
  8831 | D:7      | Reached skill level 5 in Spellcasting
  9050 | D:7      | Reached ** piety under Hepliaklqana
  9051 | D:7      | Remembered your ancestor Methone as a hexer
  9332 | D:7      | Gained mutation: You sometimes gain a little power by
                  | taking damage. [demonic ancestry]
  9332 | D:7      | Reached XP level 9. HP: 55/55 MP: 16/16
  9430 | D:7      | Found a runed translucent door.
  9431 | D:7      | Found a shimmering altar of Xom.
  9431 | D:7      | Noticed feta's ghost (novice TrHu)
  9432 | D:7      | Noticed a +0 hand axe of chaos
  9593 | D:7      | Got a twisted robe
  9605 | D:7      | Identified the +1 robe of Least Resistance {Str+5 Dex-4}
                  | (You found it on level 7 of the Dungeon)
 10133 | D:8      | Found Qaci's General Store.
 10139 | D:8      | Bought a +2 vorpal broad axe for 270 gold pieces
 10528 | D:8      | Reached skill level 1 in Invocations
 10563 | D:8      | Noticed Gastronok
 10614 | D:8      | HP: 2/57 [wyvern (13)]
 10620 | D:8      | Killed from afar by an orc priest

Levels and vault maps discovered:
D:1:      dpeg_arrival_ratfight, layout_basic, nemelex_diamond_rough_becter
D:2:      minmay_angry_zag, layout_basic, lemuel_crystal_altar,
          minmay_diced_spiral
D:3:      layout_basic, first_ration, minmay_crystal_water,
          minmay_misc_feat_secret_circle, grunt_decor_resistance
D:4:      layout_cave_pools, gammafunk_temple_overflow_pools,
          overflow_temple_1_default, nicolae_overflow_hidden_temple,
          minmay_temple_entry_statues_fountains, serial_shops,
          nicolae_shop_crystal, minmay_fountain_box
D:5:      layout_cave_pools, serial_shops, kennysheep_little_box, minmay_holes,
          uniq_sigmund
D:6:      layout_basic
D:7:      layout_gridville, ebering_ghost_xom
D:8:      layout_basic, grunt_temple_overflow_order_and_chaos_2, serial_shops,
          shop, uniq_gastronok
Temple:   cyrus_circular_temple

Skill      XL: |  1  2  3  4  5  6  7  8  9 |
---------------+----------------------------+-----
Armour         | 1 2 3 4 |  4.9
Dodging        | 2 |  2.2
Spellcasting   | 3 4 5 |  5.4
Poison Magic   | 4 5 |  5.8
Fighting       | 1 2 3 |  3.2
Long Blades    | 1 2 3 |  3.8
Shields        | 1 2 3 4 |  4.0
Short Blades   | 1 |  1.8
Axes           | 1 4 |  4.0
Invocations    | 1 |  1.4
Stealth        | |  1.7
Conjurations   | |  0.2
Transmutations | |  0.8
Air Magic      | |  0.8

Action                   |  1- 3 |  4- 6 |  7- 9 || total
-------------------------+-------+-------+-------++-------
Melee: Short sword       |    94 |       |    57 ||   151
       Hand axe          |       |    75 |       ||    75
       Long sword        |       |    49 |    50 ||    99
       War axe           |       |       |    60 ||    60
       Broad axe         |       |       |    23 ||    23
 Cast: Sting             |    42 |       |    20 ||    62
       Poisonous Vapours |     8 |    29 |    28 ||    65
       Mephitic Cloud    |     2 |     8 |    14 ||    24
       Olgreb's Toxic Ra |       |       |     5 ||     5
Invok: Ancestor Identity |       |     1 |       ||     1
       Recall Ancestor   |       |       |     1 ||     1
       Ancestor Life: He |       |       |     1 ||     1
  Use: Scroll            |       |     7 |     1 ||     8
       Potion            |       |     1 |     2 ||     3
 Stab: Sleeping          |     3 |     6 |     7 ||    16
       Confused          |     1 |     2 |     8 ||    11
       Distracted        |       |     1 |     1 ||     2
  Eat: Ration            |     2 |     3 |     7 ||    12
       Chunk             |       |     2 |     4 ||     6
Armor: Leather armour    |    29 |    33 |    42 ||   104
       Scale mail        |       |       |    10 ||    10
Dodge: Dodged            |    90 |    89 |   105 ||   284
Block: Kite shield       |       |     2 |       ||     2
       Buckler           |       |     1 |    36 ||    37
       Rpst.: Long sword |       |    12 |    14 ||    26

Table legend:
 A = Non-vault XP
 B = Vault XP
 C = Vault XP percentage of total XP
 D = Non-vault monster count
 E = Vault monster count
 F = Vault count percentage of total count
                 A         B        C        D         E       F
            +---------+---------+-------+---------+---------+-------
      Total |    4003 |     251 |   5.9 |     149 |      16 |   9.7
            +---------+---------+-------+---------+---------+-------
        D:1 |      10 |       5 |  33.3 |       6 |       5 |  45.5
        D:2 |     178 |      19 |   9.6 |      30 |      10 |  25.0
        D:3 |     109 |       0 |   0.0 |      26 |       0 |   0.0
        D:4 |     238 |       0 |   0.0 |      11 |       0 |   0.0
        D:5 |     811 |     227 |  21.9 |      13 |       1 |   7.1
        D:6 |     511 |       0 |   0.0 |      19 |       0 |   0.0
        D:7 |    1072 |       0 |   0.0 |      18 |       0 |   0.0
        D:8 |    1074 |       0 |   0.0 |      26 |       0 |   0.0
            +---------+---------+-------+---------+---------+-------
